 Dungeon Crawl Stone Soup version 0.20.1-1-g8b1a95d (webtiles) character file.

104 letownia2 the Grave Robber (level 4, 0/36 HPs)
             Began as a Deep Dwarf Necromancer on Dec 14, 2017.
             Killed from afar by Ijyb (19 damage)
             ... with a wand of acid (?/15)
             ... on level 5 of the Dungeon.
             The game lasted 00:04:40 (1208 turns).

letownia2 the Grave Robber (Deep Dwarf Necromancer) Turns: 1208, Time: 00:04:40

Health: 0/36       AC:  5    Str: 12    XL:     4   Next: 52%
Magic:  5/7        EV: 11    Int: 16    God:
Gold:   29         SH:  0    Dex: 13    Spells: 3/7 levels left

rFire    . . .     SeeInvis .   m - +1 flail (holy)
rCold    . . .     Gourm    .   (no shield)
rNeg     . . .     Faith    .   e - +0 ring mail
rPois    .         Spirit   .   (no helmet)
rElec    .         Reflect  .   (no cloak)
rCorr    .         Harm     .   (no gloves)
MR       .....                  (no boots)
Stlth    +.........             (no amulet)
Regen    0.0/turn               (no ring)
MPRegen  0.1/turn               (no ring)

@: non-regenerating
A: damage resistance, heal wounds, sense surroundings 1, no regeneration
a: Heal Wounds


You were on level 5 of the Dungeon.
You were not hungry.

You visited 2 branches of the dungeon, and saw 7 of its levels.

You collected 29 gold pieces.

Inventory:

Hand Weapons
 m - a +1 flail of holy wrath (weapon)
Armour
 a - a +0 robe
 e - a +0 ring mail (worn)
Scrolls
 f - a scroll of teleportation {unknown}
 g - a scroll of noise {unknown}
 j - a scroll of enchant armour {unknown}
 k - a scroll of remove curse {unknown}
Potions
 i - a potion of heal wounds {unknown}
 l - a potion of curing {unknown}
Books
 b - a book of Necromancy

   Spells                             Type                      Level
   a - Pain                           Necromancy                   1
   b - Animate Skeleton               Necromancy                   1
   c - Vampiric Draining              Necromancy                   3
   d - Regeneration                   Charms/Necromancy            3
   e - Animate Dead                   Necromancy                   4
   f - Control Undead                 Necromancy                   4
Comestibles
 c - a bread ration
 d - 2 meat rations
 h - 3 chunks of flesh


   Skills:
 - Level 2.1 Dodging
 - Level 2.4 Stealth
 - Level 2.3 Spellcasting
 + Level 6.2 Necromancy


You had 3 spell levels left.
You knew the following spells:

 Your Spells              Type           Power        Failure   Level  Hunger
a - Pain                  Necr           ###.         3%          1    #......
v - Vampiric Draining     Necr           ###.......   11%         3    ###....


Dungeon Overview and Level Annotations

Branches:
Dungeon (6/15)             Temple (1/1) D:6

Altars:
Gozag
Trog
Vehumet

Annotations:
D:5 exclusion: centaur, Eustachio, Ijyb
D:6 exclusion: phantom


Innate Abilities, Weirdness & Mutations

You are resistant to damage.
You can heal yourself by infusing magical energy.
You passively map a small area around you.
You do not regenerate.


Message History

Aiming: Vampiric Draining
Press: ? - help, Shift-Dir - straight line, f - adder
Aim: an adder You kill the adder!
You feel life coursing into your body.
Casting: Vampiric Draining
Confirm with . or Enter, or press ? or * to list all spells.
You can't see any susceptible monsters within range! (Use Z to cast anyway.)
You see here an adder corpse.
You butcher the adder corpse.
h - 3 chunks of flesh (gained 2)
Found a scroll labeled FIVVO LUIR.
Found 11 gold pieces.
Found a stone staircase leading up.
Ijyb the Twisted Goblin comes into view.
She is wielding a dagger.
Ijyb shouts!
Ijyb moves out of view.
Eustachio the Magnificent comes into view.
He is wielding a falchion.
Ijyb zaps a wand.
The bolt of acid hits you!
Ouch! That really hurt!
You die...

...... .........#.# #..#
#...... .#
.##..##.##.#.#..# #.#..#.
, ..............#..#
#.##.#. ,
<.......##.#..... #.# ...
* ,
##...##.##.#....###.###..
##...##.##.#...... .... ,
.....g..........#. ##.. ,
.....##.##.#.#..# #..
#.#.....@..# *..# ##.
,##.#.###.?...., ... *#
#.* #.... ... , * #.* #.@
... * ,#.* * . ### , #. *
* # * ,#. , , , ** , , ,
,,


You could see Eustachio (sleeping) and Ijyb.

Vanquished Creatures
  A worker ant (D:5)
  An orc wizard (D:5)
  A hound skeleton (D:5)
  2 adders
  A gnoll (D:3)
  A leopard gecko (D:6)
  4 orcs
  A bat (D:3)
  A giant cockroach (D:5)
  A quokka (D:4)
  A frilled lizard (D:3)
15 creatures vanquished.

Notes
Turn   | Place    | Note
-------+----------+-------------------------------------------
     0 | D:1      | letownia2 the Deep Dwarf Necromancer began the quest for the Orb.
     0 | D:1      | Reached XP level 1. HP: 15/15 MP: 3/3
    98 | D:2      | Reached XP level 2. HP: 17/22 MP: 0/5
   356 | D:4      | Found a bloodstained altar of Trog.
   397 | D:4      | Reached skill level 5 in Necromancy
   434 | D:4      | You fall through a shaft for 2 floors!
   434 | D:6      | Found a staircase to the Ecumenical Temple.
   441 | Temple   | Entered the Ecumenical Temple
   521 | D:6      | Noticed a phantom
   542 | D:6      | Noticed a wight
   551 | D:5      | Entered Level 5 of the Dungeon
   663 | D:5      | Reached XP level 3. HP: 13/28 MP: 3/6
   671 | D:5      | Learned a level 3 spell: Vampiric Draining
   754 | D:5      | Noticed a centaur
   951 | D:5      | Reached XP level 4. HP: 9/36 MP: 5/7
   954 | D:5      | Reached skill level 6 in Necromancy
  1205 | D:5      | Noticed Ijyb
  1208 | D:5      | Noticed Eustachio
  1208 | D:5      | Killed from afar by Ijyb

Skill      XL: |  1  2  3  4 |
---------------+-------------+-----
Spellcasting   | 2 |  2.3
Necromancy     | 5 6 |  6.2
Dodging        | |  2.1
Stealth        | |  2.4

Action                   |  1- 3 |  4- 6 || total
-------------------------+-------+-------++-------
Melee: Unarmed           |    11 |       ||    11
       Flail             |     4 |     1 ||     5
 Cast: Pain              |    24 |       ||    24
       Vampiric Draining |     2 |     4 ||     6
  Eat: Chunk             |     1 |     1 ||     2
Armor: Robe              |     2 |       ||     2
       Ring mail         |    10 |     1 ||    11
Dodge: Dodged            |    28 |       ||    28
